 Dungeon Crawl Stone Soup version 0.27.1-3-gb3d3a73c9e (webtiles) character file.

Game seed: 14362327840557903155

546 TheGamechu the Chiller (level 7, 42/58 HPs)
             Began as a Grey Draconian Ice Elementalist on Oct 20, 2021.
             Was a Believer of Trog.
             Quit the game on level 5 of the Dungeon.
             The game lasted 00:15:16 (4378 turns).

TheGamechu the Chiller (DrIE)                       Turns: 4378, Time: 00:15:16

Health: 42/58      AC: 13    Str: 12    XL:     7   Next: 6%
Magic:  10/10      EV: 13    Int: 16    God:    Trog [**....]
Gold:   226        SH:  0    Dex: 11    Spells: 10/10 levels left

rFire    . . .     SeeInvis .   a - +1 short sword (drain)
rCold    . . .     Faith    .   (no shield)
rNeg     . . .     Spirit   .   (armour unavailable)
rPois    .         Reflect  .   (helmet restricted)
rElec    .         Harm     .   (no cloak)
rCorr    .         Rampage  .   (no gloves)
Will     .....                  e - +1 pair of boots
Stlth    ++........             (no amulet)
HPRegen  0.19/turn              (no ring)
MPRegen  0.12/turn              (no ring)

@: no status effects
A: AC +11, amphibious, unfitting armour, cold-blooded
a: Renounce Religion, Berserk, Trog's Hand


You were on level 5 of the Dungeon.
You worshipped Trog.
Trog was pleased with you.
You visited 1 branch of the dungeon, and saw 5 of its levels.

You collected 226 gold pieces.

Inventory:

Hand Weapons
 a - a +1 short sword of draining (weapon)
Missiles
 h - 60 stones
 j - 4 poisoned darts (quivered)
Armour
 e - a +1 pair of boots (worn)
Scrolls
 f - a scroll of enchant armour
 g - a scroll of teleportation {unknown}
 i - a scroll of summoning {unknown}
 k - a scroll of identify
Potions
 b - a potion of brilliance {unknown}
 c - 3 potions of mutation {unknown}
 d - a potion of lignification {unknown}


   Skills:
 + Level 3.8 Fighting
 - Level 4.0 Short Blades
 + Level 1.8 Throwing
 + Level 3.8 Dodging
 - Level 2.2 Stealth
 - Level 2.0 Spellcasting
 - Level 4.2 Ice Magic


You had 10 spell levels left.
You didn't know any spells.
Your spell library contained the following spells:

 Spells                   Type           Power      Damage    Failure   Level
 Freeze                   Ice            60%        1d8       3%          1
 Frozen Ramparts          Ice            30%        1d5       11%         3
 Ozocubu's Armour         Ice            15%        N/A       11%         3
 Gell's Gravitas          Tloc           0%         N/A       52%         3
 Lesser Beckoning         Tloc           0%         N/A       52%         3
 Teleport Other           Tloc           1%         N/A       52%         3
 Hailstorm                Conj/Ice       8%         3d4       65%         4


Dungeon Overview and Level Annotations

Branches:
Dungeon (5/15)
 Temple: D:4-7

Altars:
Trog

Shops:
D:1 ?

Annotations:
D:5 Grinder


Innate Abilities, Weirdness & Mutations

Your dull iron-grey scales are very hard. (AC +11)
You are amphibious.
You cannot fit into any form of body armour.
You are cold-blooded and may be slowed by cold attacks.


Message History

HP restored.
You climb downwards.
Level annotation: Grinder The bullfrog skeleton hits you.
The hound skeleton barely misses you. The bullfrog skeleton hits you.
The hound skeleton barely misses you.
There is a stone staircase leading up, spattered with blood here.
You barely miss the bullfrog skeleton.
The bullfrog skeleton is lightly damaged.
The bullfrog skeleton hits you but does no damage.
The hound skeleton barely misses you.
You barely miss the hound skeleton.
The hound skeleton is severely damaged.
The bullfrog skeleton barely misses you.
The hound skeleton bites you but does no damage.
You hit the hound skeleton.
You destroy the hound skeleton!
Trog accepts your kill. The bullfrog skeleton hits you. x2
You have reached level 7!
Your scales start taking on a dull iron-grey colour.
You learn Air Magic much slower.
You learn Earth Magic much quicker.
Okay, then.
Okay, then.
You puncture the bullfrog skeleton! You tail-slap the bullfrog skeleton.
The bullfrog skeleton is heavily damaged.
The bullfrog skeleton hits you.
You puncture the bullfrog skeleton!
The bullfrog skeleton is severely damaged.
The bullfrog skeleton hits you but does no damage.
You hit the bullfrog skeleton but do no damage.
You tail-slap the bullfrog skeleton.
The bullfrog skeleton is almost destroyed.
The bullfrog skeleton closely misses you.
You hit the bullfrog skeleton.
You destroy the bullfrog skeleton!
Trog accepts your kill.
Search for what [Enter for "."]?
Okay, then.
There is a stone staircase leading up, spattered with blood here.
Are you sure you want to abandon this character and quit the game? (Confirm with "yes".)

?.....#.. ........
#..##.#. #......
#...... #
#..##.#.#
#..##.#.##.##
#.)##@.......
#..#.........
#..###..#.######..
.# #.........# ...
......>.#.# .
#..####.#.# .# ..
#...# .#.. . #...#
.. #....


There were no monsters in sight!

Vanquished Creatures
  A necrophage (D:4)
  2 ogres (D:4)
  A water moccasin skeleton (D:4)
  A bullfrog skeleton (D:5)
  An iguana (D:4)
  An orc wizard (D:4)
  2 hound skeletons
  A gnoll (D:1)
  5 adders
  A dart slug (D:4)
  A worm (D:3)
  4 orcs
  5 ball pythons
  7 endoplasms
  2 giant cockroaches (D:3)
  11 hobgoblins
  7 kobolds
  6 quokkas
  4 bats
  4 frilled lizards
  9 goblins
  8 rats
84 creatures vanquished.

Notes
Turn   | Place    | Note
-------+----------+-------------------------------------------
     0 | D:1      | TheGamechu the Draconian Ice Elementalist began the quest
                  | for the Orb.
     0 | D:1      | Reached XP level 1. HP: 14/14 MP: 3/3
   306 | D:1      | Reached XP level 2. HP: 21/22 MP: 5/5
   338 | D:1      | Reached skill level 1 in Fighting
   410 | D:1      | Found a faded altar of an unknown god.
   417 | D:1      | Became a worshipper of Trog the Wrathful
   417 | D:1      | Reached * piety under Trog
   461 | D:1      | Reached XP level 3. HP: 21/28 MP: 6/6
   730 | D:1      | Found Vusydoh's Magic Scroll Shoppe.
  1131 | D:2      | Reached ** piety under Trog
  1132 | D:2      | Reached skill level 1 in Short Blades
  1347 | D:2      | Reached XP level 4. HP: 36/36 MP: 7/7
  2356 | D:4      | Noticed a necrophage
  2369 | D:4      | Killed a necrophage
  2370 | D:4      | Reached XP level 5. HP: 42/44 MP: 8/8
  2603 | D:4      | Noticed an ogre
  2612 | D:4      | Killed an ogre
  2613 | D:4      | Reached XP level 6. HP: 51/51 MP: 9/9
  2896 | D:4      | Reached skill level 1 in Throwing
  3515 | D:5      | Entered Level 5 of the Dungeon
  3516 | D:5      | Noticed Grinder
  4372 | D:5      | Your scales start taking on a dull iron-grey colour.
  4372 | D:5      | Reached XP level 7. HP: 44/58 MP: 10/10
  4378 | D:5      | Quit the game

Illustrated notes

Levels and vault maps discovered:
D:1:      minmay_arrival_stone_box, layout_rooms, serial_shops, shop_fountains,
          shapermc_ecumenical_altar_pompeii, chequers_serial_rivers_large_a,
          minmay_close_crescents
D:2:      layout_rooms
D:3:      layout_loops_corners, minmay_joined_circles
D:4:      layout_basic
D:5:      layout_basic, general_overflow_altar, temple_fountains, uniq_grinder

Skill      XL: |  1  2  3  4  5  6 |
---------------+-------------------+-----
Dodging        | 2 3 |  3.8
Stealth        | 2 |  2.2
Fighting       | 1 2 3 |  3.8
Short Blades   | 1 2 3 4 |  4.0
Throwing       | 1 |  1.8
Spellcasting   | |  2.0
Ice Magic      | |  4.2

Action                   |  1- 3 |  4- 6 |  7- 9 || total
-------------------------+-------+-------+-------++-------
Melee: Dagger            |     6 |       |       ||     6
       Short sword       |    72 |   186 |     4 ||   262
       Unarmed           |     1 |       |       ||     1
       Tailslap          |     4 |    10 |     2 ||    16
Throw: Stone             |       |     5 |       ||     5
       Dart              |       |    10 |       ||    10
 Cast: Freeze            |     6 |       |       ||     6
Invok: Berserk           |       |     5 |       ||     5
       Trog's Hand       |       |     3 |       ||     3
  Use: Scroll            |     3 |     2 |       ||     5
 Stab: Sleeping          |     2 |     7 |       ||     9
Armor: Skin              |    21 |    71 |     1 ||    93
Dodge: Dodged            |    37 |    82 |     1 ||   120
